 Dungeon Crawl Stone Soup version 0.16-a0-77-g708f960 (webtiles) character file.

116 Ololoev the Digger (level 5, -7/28 HPs)
             Began as a Gargoyle Earth Elementalist on Aug 8, 2014.
             Mangled by a goliath beetle (27 damage)
             ... on Level 3 of the Dungeon.
             The game lasted 00:13:26 (2719 turns).

Ololoev the Digger (Gargoyle Earth Elementalist)    Turns: 2719, Time: 00:13:26

HP  -7/28        AC  7     Str 11      XL: 5   Next:  1%
MP   0/11        EV 10     Int 17      God:
Gold 114         SH  0     Dex 10      Spells:  4 memorised,  2 levels left

rFire  . . .     SeeInvis .     f - +0 short sword
rCold  . . .     Clarity  .     h - +0 leather armour
rNeg   + . .     rCorr    .     (no shield)
rPois  +         rRot     +     (no helmet)
rElec  +         Spirit   .     (no cloak)
SustAb .         Warding  .     (no gloves)
rMut   .         Stasis   .     (no boots)
Gourm  .                        (no amulet)
MR     .....                    (no ring)
                                (no ring)

@: not resistant to hostile enchantments, unstealthy
A: negative energy resistance 1, electricity resistance, unbreathing,
petrification resistance, rot immunity, AC +4
a: no special abilities


You were on level 3 of the Dungeon.
You were very hungry.

You visited 1 branch of the dungeon, and saw 3 of its levels.

You collected 114 gold pieces.

Inventory:

Hand weapons
 f - a +0 short sword (weapon)
Armour
 h - a +0 leather armour (worn)
Comestibles
 a - 3 bread rations
 b - a rotting chunk of kobold flesh
 g - a meat ration
Scrolls
 e - 2 scrolls of enchant armour {unknown}
 k - a scroll of identify {unknown}
 n - a scroll of amnesia {unknown}
 p - a scroll of recharging {unknown}
Potions
 c - a potion of poison {unknown}
 i - a potion of cancellation {unknown}
 j - a potion of might {unknown}
 l - 2 potions of flight {unknown}
 o - a potion of heal wounds {unknown}
 q - a potion of degeneration {unknown}
Books
 d - a book of Geomancy

   Spells                             Type                      Level
   *Sandblast                         Earth                        1
   *Stoneskin                         Transmutation/Earth          2
   Passwall                           Transmutation/Earth          3
   *Stone Arrow                       Conjuration/Earth            3
   Petrify                            Transmutation/Earth          4
   Lee's Rapid Deconstruction         Earth                        5
 m - a book of Conjurations

   Spells                             Type                      Level
   Magic Dart                         Conjuration                  1
   *Searing Ray                       Conjuration                  2
   Dazzling Spray                     Conjuration/Hexes            3
   Fulminant Prism                    Conjuration/Hexes            4
   Iskenderun's Mystic Blast          Conjuration                  4
   Iskenderun's Battlesphere          Conjuration/Charms           5


   Skills:
 - Level 1.5 Dodging
 - Level 2.1 Stealth
 - Level 3.0 Spellcasting
 * Level 2.0 Conjurations
 - Level 0.7 Transmutations
 + Level 5.3 Earth Magic


You had 2 spell levels left.
You knew the following spells:

 Your Spells              Type           Power        Failure   Level  Hunger
a - Sandblast             Erth           ###...       1%          1    None
b - Stoneskin             Trmt/Erth      ##......     10%         2    ##.....
c - Stone Arrow           Conj/Erth      ###...       14%         3    ###....
d - Searing Ray           Conj           #.....       14%         2    ##.....


Dungeon Overview and Level Annotations

Branches:
Dungeon (3/15)

Altars:
Elyvilon
Fedhas
Makhleb
Qazlal


Innate Abilities, Weirdness & Mutations

You are resistant to torment.
You are immune to poison.
Your stone body is very resilient (AC +4).
You resist negative energy.
You are resistant to electric shocks.
You can survive without breathing.
You are immune to petrification.
You are immune to rotting.


Message History

The goliath beetle is almost dead.
You are feeling very hungry.
You smell something rotten. (slot b)
Casting: Stone Arrow
Confirm with . or Enter, or press ? or * to list all spells.
Aiming: Stone Arrow
Press: ? - help, Shift-Dir - straight line, f/p - goliath beetle
Aim: a goliath beetle (almost dead)
The stone arrow hits the goliath beetle.
The goliath beetle is almost dead.
Eat which item? (? for menu, Esc to quit)
Okay, then.
The goliath beetle bites you!
You hit the goliath beetle but do no damage.
The goliath beetle is almost dead.
You barely miss the goliath beetle.
The goliath beetle is almost dead.
The goliath beetle bites you!!
Ouch! That really hurt!
You die...

._ +.###.#.#..#......... .
#..........#.........
#.###.#.#.##.######## ##+
#.....#.#.##.#....... . ..
..#####.#.##.#.#####. #.#.
### #.#..........#.
#.#.#########......#.#...#.
#...............####.#.###.
#........B@................
#.....#########.#..#.#.....
##.##.#########(#..........
#.......B..((.(#.........<
#.##.#########.#.#########
# ### ####


You could see a goliath beetle.

Vanquished Creatures
  Jessica (D:2)
  4 adders
  A worm (D:2)
  3 ball pythons
  5 bats
  4 giant cockroaches
  5 hobgoblins
  7 jackals
  5 kobolds
  A quokka (D:2)
  A giant gecko (D:1)
  3 giant newts
  10 goblins
  5 rats
55 creatures vanquished.

Notes
Turn   | Place    | Note
--------------------------------------------------------------
     0 | D:1      | Ololoev, the Gargoyle Earth Elementalist, began the quest for the Orb.
     0 | D:1      | Reached XP level 1. HP: 10/10 MP: 3/3
   290 | D:1      | Reached XP level 2. HP: 15/15 MP: 3/5
   294 | D:1      | Learned a level 2 spell: Stoneskin
   876 | D:2      | Reached XP level 3. HP: 19/19 MP: 7/7
   894 | D:2      | Reached skill level 4 in Earth Magic
  1004 | D:2      | Noticed Jessica
  1006 | D:2      | Found a blossoming altar of Fedhas.
  1011 | D:2      | Found a stormy altar of Qazlal.
  1039 | D:2      | Killed Jessica
  1115 | D:2      | Reached XP level 4. HP: 22/24 MP: 3/9
  1127 | D:2      | Learned a level 3 spell: Stone Arrow
  1213 | D:2      | Reached skill level 5 in Earth Magic
  1491 | D:2      | Reached skill level 1 in Conjurations
  1846 | D:3      | Found a white marble altar of Elyvilon.
  2198 | D:3      | Learned a level 2 spell: Searing Ray
  2355 | D:3      | Reached XP level 5. HP: 25/28 MP: 11/11
  2392 | D:3      | Found a burning altar of Makhleb.
  2719 | D:3      | Mangled by a goliath beetle

Action                   |  1- 3 |  4- 6 || total
-------------------------+-------+-------++-------
Melee: Short sword       |    41 |   103 ||   144
 Cast: Sandblast         |    41 |     3 ||    44
       Stoneskin         |     1 |       ||     1
       Stone Arrow       |       |    15 ||    15
       Searing Ray       |       |     4 ||     4
 Stab: Sleeping          |       |     1 ||     1
  Eat: Chunk             |     1 |     6 ||     7
